 Dungeon Crawl Stone Soup version 0.29.1-15-g9cfb28693d (webtiles) character file.

Game seed: 10578559916151876444

5512 chaostorm the Nimble (level 10, -11/63 HPs)
             Began as a Tengu Hunter on Apr 9, 2023.
             Mangled by a shadow (33 damage)
             ... on level 9 of the Dungeon on Apr 10, 2023.
             The game lasted 03:07:04 (25772 turns).

chaostorm the Nimble (Tengu Hunter)                Turns: 25772, Time: 03:07:05

Health: -11/63     AC:  5    Str: 13    XL:     10   Next: 70%
Magic:  11/11      EV: 23    Int:  9    God:
Gold:   623        SH: 11    Dex: 21    Spells: 9/9 levels left

rFire   + + .      SeeInvis .   b - +1 flail (protect)
rCold   + . .      Faith    .   t - +2 buckler
rNeg    . . .      Spirit   .   E - +1 leather armour {rF+}
rPois   +          Reflect  +   i - +0 hat
rElec   .          Harm     .   h - scarf {rC+ rF+}
rCorr   .          Rampage  .   f - +0 pair of gloves
Will    .....                   (boots unavailable)
Stlth   ++++......              d - amulet of reflection
HPRegen 0.20/turn               g - ring of poison resistance
MPRegen 0.12/turn               (no ring)

@: flying quickly and evasively, quick
A: beak, talons 3, nimble flight
a: no special abilities


You were on level 9 of the Dungeon.
You visited 2 branches of the dungeon, and saw 11 of its levels.

You collected 623 gold pieces.

Inventory:

Hand Weapons
 a - a +0 sling
 b - a +1 flail of protection (weapon)
 p - a +3 shortbow
 B - a +5 mace
Missiles
 k - 2 throwing nets
 w - 119 stones
Armour
 f - a +0 pair of gloves (worn)
 h - a scarf of resistance (worn)
 i - a +0 hat (worn)
 q - an orb of mayhem
 t - a +2 buckler (worn)
 E - a +1 leather armour of fire resistance (worn)
Jewellery
 d - an amulet of reflection (around neck)
 g - a ring of poison resistance (left hand)
Wands
 x - a wand of paralysis (13)
 D - a wand of mindburst (16)
Scrolls
 j - a scroll of vulnerability
 l - 5 scrolls of immolation
 n - a scroll of butterflies
 v - a scroll of amnesia
 A - 3 scrolls of poison
 F - a scroll of summoning
Potions
 c - 3 potions of heal wounds
 e - 4 potions of curing
 m - 3 potions of might
 o - a potion of cancellation
 r - a potion of invisibility
 s - 2 potions of lignification
 u - a potion of flight
 y - 2 potions of resistance {unknown}
 z - 4 potions of brilliance
 C - a potion of haste {unknown}


   Skills:
 + Level 7.3 Fighting
 + Level 8.9 Ranged Weapons
 * Level 11.0 Dodging
 + Level 7.6 Stealth


You had 9 spell levels left.
You didn't know any spells.
Your spell library contained the following spells:

 Spells                   Type           Power      Damage    Failure   Level
 Necrotise                Necr           0%         1d4       58%         1
 Sting                    Tmut/Pois      0%         1d3       58%         1
 Ensorcelled Hibernation  Hex/Ice        0%         N/A       73%         2
 Passwall                 Tmut/Erth      0%         N/A       73%         2
 Poisonous Vapours        Pois/Air       0%         N/A       73%         2
 Static Discharge         Conj/Air       0%         3-3/arc   73%         2
 Swiftness                Air            0%         N/A       91%         3
 Tukima's Dance           Hex            0%         N/A       91%         3
 Vampiric Draining        Necr           0%         2d6       91%         3
 Dispel Undead            Necr           0%         3d6       100%        4
 Olgreb's Toxic Radiance  Pois           0%         N/A       100%        4
 Passage of Golubria      Tloc           0%         N/A       100%        4
 Sticky Flame             Conj/Fire      0%         2d3       100%        4
 Agony                    Necr           0%         N/A       100%        5
 Yara's Violent Unravell  Hex/Tmut       0%         3d3       100%        5


Dungeon Overview and Level Annotations

Branches:
Dungeon (10/15) Zot: 19362  Temple (1/1) D:6 Zot: 5800    Lair (0/5) D:10
    Orc (0/2) D:9

Altars:
Ashenzari
Cheibriados
Dithmenos
Elyvilon
Fedhas
Gozag
Hepliaklqana
Kikubaaqudgha
Makhleb
Nemelex Xobeh
Okawaru
Qazlal
Ru
Sif Muna
Trog
Uskayaw
Vehumet
Wu Jian
Xom
Zin
The Shining One

Shops:
D:8 *   D:9 *

Annotations:
D:3 1 runed translucent door, Crazy Yiuf
D:5 Menkaure
D:6 2 runed translucent doors, Seidenschwarz's ghost, novice MiFi


Innate Abilities, Weirdness & Mutations

You have a beak for a mouth.
You have claws for feet.
Your magical nature lets you fly swiftly and evasively.


Message History

You fly downwards.
The shadow completely misses you. The shadow hits you!
There is a stone staircase leading up, spattered with blood here.
The shadow misses you.
You fly upwards.
There is a stone staircase leading down here.
You hit the shadow.
Your weapon exudes an aura of protection.
You claw the shadow, but do no damage.
The shadow is lightly damaged.
The shadow completely misses you.
You hit the shadow. You claw the shadow.
The shadow is moderately damaged.
You block the shadow's attack. The shadow completely misses you.
You hit the shadow but do no damage. You claw the shadow.
Your peck misses the shadow.
The shadow is heavily damaged.
The shadow misses you.
You completely miss the shadow. You claw the shadow.
Your peck misses the shadow.
The shadow is severely damaged.
The shadow slips into darkness.
The shadow flickers and vanishes!
Deactivating autopickup; reactivate with Ctrl-A.
The shadow strikes at you from the darkness!
* * * LOW HITPOINT WARNING * * *
Reactivating autopickup.
You closely miss the shadow. You claw the shadow, but do no damage.
The shadow is severely damaged.
The shadow closely misses you.
You barely miss the shadow. You claw the shadow, but do no damage.
You peck the shadow, but do no damage.
The shadow is heavily damaged.
The shadow hits you!
* * * LOW HITPOINT WARNING * * *
The shadow slips into darkness.
The shadow flickers and vanishes!
Deactivating autopickup; reactivate with Ctrl-A.
The shadow strikes at you from the darkness!
Ouch! That really hurt!
You die...

#.......####........#.∩.
#......@'.##............
#.......#..)..........#.
#.......####....>.......
#.......# #.........###
#.......# #.........#
#.......# #.........#
###)##### #####'#####
#.# #.# #.### #.## #...#
#..# #####.#### ##.#
#........# ##'####
#........# #...>.#
#........# #.....###
#........# #.....'..
#........#######.....##.


There were no monsters in sight!

Vanquished Creatures
  A hornet (D:9)
  A yak (D:10)
  4 wyverns
  2 steam dragons (D:8)
  2 ice beasts (D:4)
  4 ogres
  3 sky beasts
  3 black bears
  4 orc warriors
  7 centaurs
  2 kobold brigands
  3 bullfrogs
  4 gnoll sergeants
  3 scorpions
  7 wights
  4 killer bees (D:9)
  3 howler monkeys
  2 hounds (D:6)
  A jelly (D:5)
  4 orc priests
  Ijyb (D:4)
  2 iguanas (D:4)
  9 orc wizards
  A mummy (D:6)
  25 gnolls
  5 adders
  A white imp (D:6)
  5 ufetubi
  2 worms (D:2)
  2 dart slugs
  25 orcs
  4 ball pythons
  3 bats
  7 endoplasms
  3 giant cockroaches
  6 hobgoblins
  4 jackals (D:2)
  4 quokkas
  2 frilled lizards
  11 goblins
  14 kobolds
  A rat (D:2)
201 creatures vanquished.

Vanquished Creatures (others)
  6 plants
6 creatures vanquished.

Grand Total: 207 creatures vanquished

Notes
Turn   | Place    | Note
-------+----------+-------------------------------------------
     0 | D:1      | chaostorm the Tengu Hunter began the quest for the Orb.
     0 | D:1      | Reached XP level 1. HP: 12/12 MP: 2/2
   492 | D:1      | Reached XP level 2. HP: 17/17 MP: 3/3
  1210 | D:2      | Reached XP level 3. HP: 21/21 MP: 4/4
  1225 | D:2      | Reached skill level 3 in Dodging
  2447 | D:2      | Found a faded altar of an unknown god.
  2949 | D:3      | Found a sacrificial altar of Ru.
  3671 | D:3      | Found a runed translucent door.
  3672 | D:3      | Noticed Crazy Yiuf
  3880 | D:3      | Reached XP level 4. HP: 27/27 MP: 5/5
  4182 | D:4      | Noticed an ogre
  4194 | D:4      | Killed an ogre
  4195 | D:4      | Reached skill level 5 in Ranged Weapons
  4195 | D:4      | Reached skill level 4 in Dodging
  4195 | D:4      | Gained mutation: Your magical nature lets you fly swiftly
                  | and evasively. [Tengu growth]
  4195 | D:4      | Reached XP level 5. HP: 32/32 MP: 6/6
  4397 | D:4      | Reached XP level 6. HP: 20/37 MP: 7/7
  5948 | D:4      | Reached skill level 5 in Dodging
  6908 | D:5      | Entered Level 5 of the Dungeon
  7032 | D:4      | Reached XP level 7. HP: 20/42 MP: 8/8
  7199 | D:5      | Noticed Menkaure
  7199 | D:5      | Found a stormy altar of Qazlal.
  7199 | D:5      | Found a radiant altar of Vehumet.
  7199 | D:5      | Found a shadowy altar of Dithmenos.
  7199 | D:5      | Found a sparkling altar of Nemelex Xobeh.
  8082 | D:5      | Noticed Ijyb
  9384 | D:5      | Reached skill level 6 in Dodging
 10372 | D:5      | HP: 2/43 [gnoll sergeant/+0 spear of pain (1)]
 11308 | D:4      | Killed Ijyb
 12344 | D:4      | Reached XP level 8. HP: 44/48 MP: 9/9
 14036 | D:6      | Found a large runed translucent door.
 14036 | D:6      | Found a large runed translucent door.
 14038 | D:6      | Noticed Seidenschwarz's ghost (novice MiFi)
 15499 | D:4      | Reached skill level 7 in Dodging
 15925 | D:6      | Found a staircase to the Ecumenical Temple.
 15943 | Temple   | Entered the Ecumenical Temple
 17037 | D:6      | Reached skill level 5 in Fighting
 17037 | D:6      | Reached skill level 5 in Stealth
 17619 | D:7      | You are sucked into a shaft and drop 3 floors!
 17619 | D:10     | Entered Level 10 of the Dungeon
 17653 | D:10     | Noticed a wraith
 17702 | D:10     | Found a staircase to the Lair.
 17702 | D:10     | Noticed a wyvern
 17702 | D:10     | Noticed a shadow
 17702 | D:10     | Noticed a yak
 17852 | D:9      | Noticed a hornet
 17858 | D:9      | HP: 2/49 [wyvern (3)]
 18124 | D:6      | Reached XP level 9. HP: 44/54 MP: 10/10
 18198 | D:7      | Reached skill level 8 in Dodging
 20484 | D:7      | Reached skill level 9 in Dodging
 21078 | D:8      | Found Zituypi's Neck Hole.
 21909 | D:8      | Reached XP level 10. HP: 51/61 MP: 11/11
 22211 | D:8      | Reached skill level 10 in Dodging
 22930 | D:9      | Paralysed by a hornet for 1 turns
 23051 | D:9      | Found Reitwaytt's Demolitions Depot.
 23502 | D:9      | Noticed a purple ugly thing
 23553 | D:9      | Found a staircase to the Orcish Mines.
 23559 | D:9      | Noticed a seven-headed hydra
 24959 | D:9      | Found a burning altar of Makhleb.
 25116 | D:9      | Found a snail-covered altar of Cheibriados.
 25301 | D:10     | Found a hazy altar of Hepliaklqana.
 25377 | D:10     | Reached skill level 11 in Dodging
 25772 | D:9      | Mangled by a shadow

Illustrated notes

Levels and vault maps discovered:
D:1:      dpeg_arrival_water_fire, layout_basic, dk_noncrumbling_3
D:2:      layout_loops_corners, shapermc_ecumenical_altar_flowoftime,
          serial_bayou_ford_a
D:3:      layout_basic, nicolae_ru_sacrificial_ziggurat, grunt_ministairs_14,
          dk_noncrumbling_4, roderic_nine_men_s_morris, uniq_crazy_yiuf_cottage
D:4:      layout_basic
D:5:      layout_gridville, chequers_temple_overflow_statue_of_worship,
          st_stairs_10, uniq_menkaure, uniq_ijyb
D:6:      layout_basic, temple_hall, gup_ossuary_entry_pyramid,
          ebering_ghost_disaster_area
D:7:      minmay_inner_zag, layout_rooms, minmay_misc_feat_cross
D:8:      layout_loops_cross, nicolae_shop_sticking_my_neck_out
D:9:      layout_roguey, nicolae_overflow_crystal_walls, orc_0_dummy,
          nicolae_blasting_shop, minmay_ruined_shrine
D:10:     layout_loops_ring, mainiacjoe_overflow_surrounded_room,
          mainiacjoe_overflow_catwalk, david_lair_generic
Temple:   eino_narrow_crystal_temple

Skill      XL: |  1  2  3  4  5  6  7  8  9 10 |
---------------+-------------------------------+-----
Dodging        | 3 4 5 6 7 9 11 | 11.0
Stealth        | 2 3 4 5 6 7 |  7.6
Fighting       | 3 4 5 6 7 |  7.3
Ranged Weapons | 5 6 7 8 |  8.9

Action                   |  1- 3 |  4- 6 |  7- 9 | 10-12 || total
-------------------------+-------+-------+-------+-------++-------
Melee: Flail             |       |     4 |   145 |   220 ||   369
       Peck              |       |     1 |    43 |    47 ||    91
       Shortbow          |       |       |     1 |       ||     1
       Kick              |       |       |    50 |    80 ||   130
       Mace              |       |       |     8 |       ||     8
       Sling             |       |       |     1 |       ||     1
 Fire: Shortbow          |   109 |   141 |   264 |    31 ||   545
       Sling             |       |       |   428 |    64 ||   492
  Use: Scroll            |       |     9 |     8 |     3 ||    20
       Potion            |       |       |     2 |       ||     2
 Stab: Sleeping          |       |       |     1 |     1 ||     2
       Distracted        |       |       |       |     2 ||     2
Armor: Leather armour    |     8 |    11 |    38 |    27 ||    84
Dodge: Dodged            |    25 |    61 |   288 |   239 ||   613
Block: Other             |       |       |     4 |    18 ||    22
       Buckler           |       |       |   196 |   131 ||   327
       Reflection        |       |       |    20 |    12 ||    32
